 Dungeon Crawl Stone Soup version 0.21.1-1-g345015f (webtiles) character file.

448281 theElss the Slayer (level 24, 0/171 HPs)
             Began as a Gargoyle Berserker on Apr 22, 2018.
             Was the Champion of Trog.
             Hit by a large rock thrown by a stone giant (15 damage)
             ... on level 3 of the Depths on Apr 23, 2018.
             The game lasted 04:17:33 (61968 turns).

theElss the Slayer (Gargoyle Berserker)            Turns: 61968, Time: 04:17:34

Health: 0/171      AC: 39    Str: 34    XL:     24   Next: 24%
Magic:  10/10      EV: 20    Int: 12    God:    Trog [******]
Gold:   4827       SH: 16    Dex: 14    Spells: 23/23 levels left

rFire    + + .     SeeInvis +   a - +5 morningstar "Boryczei" {antimagic, rElec SInv}
rCold    + . .     Gourm    .   k - +1 shield {rF+}
rNeg     + + .     Faith    +   T - +4 ring mail "Husausuel" {rC+ Dex+2}
rPois    ∞         Spirit   .   X - +2 hat {MR+}
rElec    +         Reflect  .   m - +1 cloak {MR+}
rCorr    .         Harm     .   S - +2 pair of gloves
MR       ++++.     Rnd*Rage +   i - +0 pair of boots {Stlth+}
Stlth    ++........             z - amulet of Tafoa {Faith rF+ rN+ Str+4}
HPRegen  0.38/turn              v - +4 ring of strength
MPRegen  0.12/turn              D - ring of protection from magic

@: berserk cooldown, slowed, very slow
A: big wings, berserk 1, mutation resistance 1, negative energy resistance 1,
electricity resistance, unbreathing, petrification resistance, rot immunity, AC
+18
}: 2/15 runes: decaying, serpentine
a: Fly, Berserk, Trog's Hand, Brothers in Arms, Burn Spellbooks, Renounce
Religion


You were on level 3 of the Depths.
You worshipped Trog.
Trog was exalted by your worship.
You were hungry.

You visited 8 branches of the dungeon, and saw 41 of its levels.
You also visited: Ice Cave and Wizlab.

You collected 5523 gold pieces.
You spent 696 gold pieces at shops.

Inventory:

Hand Weapons
 a - the +5 morningstar "Boryczei" (weapon) {antimagic, rElec SInv}
   (Trog gifted it to you on level 12 of the Dungeon)

   It reduces the magical energy of the wielder, and disrupts the spells and
   magical abilities of those hit.
   Natural abilities and divine invocations are not affected.
   It insulates you from electricity.
   It lets you see invisible.
 b - the +13 hunting sling "Gugog" {freeze, rF+ rC+ Dex+4}
   (Trog gifted it to you on level 2 of the Orcish Mines)

   It causes projectiles fired from it to freeze those they strike, causing
   extra injury to most foes and up to half again as much damage against
   particularly susceptible opponents.
   They can also slow down cold-blooded creatures.
   It affects your dexterity (+4).
   It protects you from fire.
   It protects you from cold.
Missiles
 K - 621 sling bullets
Armour
 i - a +0 pair of boots of stealth (worn)
 k - a +1 shield of fire resistance (worn)
 l - a +2 plate armour of fire resistance
 m - a +1 cloak of magic resistance (worn)
 S - a +2 pair of gloves (worn)
 T - the +4 ring mail "Husausuel" (worn) {rC+ Dex+2}
   (You found it on level 12 of the Dungeon)

   It affects your dexterity (+2).
   It protects you from cold.
 U - the +0 buckler of Death's Door {Str+2 Slay+2}
   (You found it on level 1 of the Lair of Beasts)

   It affects your strength (+2).
   It affects your accuracy and damage with ranged weapons and melee attacks
   (+2).
 X - a +2 hat of magic resistance (worn)
Jewellery
 u - an uncursed ring of protection from cold
 v - a +4 ring of strength (left hand)
 z - the amulet of Tafoa (around neck) {Faith rF+ rN+ Str+4}
   (You found it in an ice cave)

   [amulet of faith]

   It allows you to gain divine favour quickly.
   It affects your strength (+4).
   It protects you from fire.
   It protects you from negative energy.
 D - a ring of protection from magic (right hand)
 H - an uncursed ring of see invisible
 W - a +3 amulet of reflection
 Y - a +4 ring of intelligence
Wands
 n - a wand of polymorph (32)
 s - a wand of paralysis (64)
 B - a wand of flame (25)
 C - a wand of digging (66)
 M - a wand of disintegration (43)
 V - a wand of iceblast (10)
Scrolls
 e - 19 scrolls of remove curse
 g - 5 scrolls of magic mapping
 j - 7 scrolls of blinking
 p - 2 scrolls of silence
 q - 9 scrolls of fear
 x - 12 scrolls of teleportation
 F - 11 scrolls of identify
 O - 7 scrolls of fog
 R - a scroll of summoning
Potions
 d - 3 potions of invisibility
 f - 5 potions of haste
 h - 6 potions of heal wounds
 o - 6 potions of agility
 t - 21 potions of curing
 w - a potion of magic
 E - 3 potions of cancellation
 I - 7 potions of lignification
 J - a potion of berserk rage
 Q - 3 potions of resistance
Comestibles
 c - 54 rations
 r - 3 chunks of flesh


   Skills:
 + Level 23.1 Fighting
 + Level 22.5 Maces & Flails
 - Level 10.0 Slings
 + Level 11.6 Armour
 + Level 13.1 Dodging
 - Level 0.5 Stealth
 - Level 15.0 Shields
 - Level 10.0 Evocations


You had 23 spell levels left.
You didn't know any spells.

Dungeon Overview and Level Annotations

Branches:
Dungeon (15/15)            Temple (0/1) D:7            Lair (6/6) D:10
  Swamp (4/4) Lair:3        Snake (4/4) Lair:4        Slime (0/5) Lair:5
    Orc (2/2) D:12            Elf (3/3) Orc:2        Vaults (4/5) D:13
  Crypt (0/3) Vaults:3     Depths (3/5) D:15

Altars:
Kikubaaqudgha
Qazlal
Xom
The Shining One

Shops:
D:7 [   D:9 *   D:11 *   D:14 :   Orc:1 ?   Orc:2 (=?*   Elf:1 [   Elf:2 (
Elf:3 (*   Snake:2 }%:   Depths:2 }   Depths:3 *

Portals:
Hell: Depths:1 Depths:2
Abyss: Depths:1
Pandemonium: Depths:1 Depths:2
Bazaar: D:14

Annotations:
Lair:4 exclusion: 3 oklob plants


Innate Abilities, Weirdness & Mutations

You are resistant to torment.
Your stone body is resilient. (AC +18)
You are immune to poison.
Your large and strong wings let you fly indefinitely.
You resist negative energy. (rN+)
You are resistant to electric shocks. (rElec)
You can survive without breathing.
You are immune to petrification.
You are immune to rotting.
You tend to lose your temper in combat.
You are somewhat resistant to further mutation.


Message History

You are no longer berserk.
You are exhausted.
You feel yourself slow down.
The yaktaur captain shoots a bolt.
You block the bolt. You block the dire elephant's attack.
The dire elephant trunk-slaps you but does no damage.
The cyan very ugly thing basks in the mutagenic energy from its kin and changes!
Eat one of 4 chunks of flesh? (ye/n/q)
You eat one of the 4 chunks of flesh.
This raw flesh tastes terrible.
You are feeling hungry.
You block the fire dragon's attack.
The fire dragon claws you but does no damage.
You block the fire dragon's attack.
The stone giant throws a large rock.
The large rock misses you.
The yaktaur captain shoots a bolt.
The bolt hits you!!
* * * LOW HITPOINT WARNING * * *
The fire dragon breathes flames at you. The blast of flame misses you.
The cyan very ugly thing basks in the mutagenic energy from its kin and changes!
The stone giant throws a large rock.
The large rock hits you!
You die...

.........# (...
♣♣♣cC)....##....
♣♣P♣♣....(......
PPPP..)......#
.PPP.§§§(..#
P..§§§.))##
♣§§§(.(.#
..♣♣(.(#E##
♣♣@Y#c.###
♣.D#§...#
♣YCYY..##
♣uE.....#
♣Tc....##
♣uu......
♣........
♣........
♣.........


You could see 4 dire elephants, a frost giant, 3 very ugly things, a fire
dragon, a stone giant, a yaktaur captain, a centaur warrior, a deep troll and an
air elemental.

Vanquished Creatures
  An ancient lich (WizLab)
  Mara (Swamp:3)
  Margery (Depths:3)
  Xtahua (Vaults:3)
  Nikola (Depths:2)
  A bone dragon (Swamp:4)
  Jorgrun (Depths:2)
  Rupert (D:12)
  3 deep elf blademasters
  Frances (Elf:1)
  4 deep elf master archers (Elf:3)
  2 sphinxes
  An ancient champion (WizLab)
  A thorn hunter (Swamp:4)
  Donald (Orc:2)
  9 nagarajas
  Agnes (Elf:1)
  2 storm dragons
  8 deep elf sorcerers
  3 frost giants
  3 fire giants
  Aizul (Snake:4)
  A cacodemon (Depths:2)
  12 vault wardens
  A ghoul (Vaults:4)
  The ghost of Verendum the Protected, an adept GrAK of Lugonu (Snake:4)
  A deep elf elementalist (Elf:3)
  9 ironheart preservers
  A spriggan defender (Depths:3)
  9 stone giants
  2 very ugly things
  7 deep elf demonologists
  An entropy weaver (Vaults:4)
  4 deep elf annihilators (Elf:3)
  3 dire elephants
  Snorg (D:10)
  The ghost of Verendum the Bludgeoner, a journeyman GrAK of Lugonu (Lair:5)
  14 deep elf death magi
  7 ettins
  6 yaktaur captains
  2 fire dragons (Depths:3)
  3 jiangshi (Depths:2)
  2 deep elf high priests
  8 ogre magi
  5 rakshasas
  14 hydras
  7 great orbs of eyes
  8 ice dragons
  7 vault guards
  The ghost of inc the Covert, a journeyman OpEn of Gozag (D:13)
  12 naga warriors
  11 centaur warriors
  A spriggan air mage (Depths:2)
  A catoblepas (D:15)
  3 ghost crabs (Swamp:4)
  22 anacondas
  The ghost of p0werm0de the Gouger, a journeyman FeCK of Xom (Elf:2)
  A monstrous demonspawn (Depths:2)
  12 alligators
  Erica (D:8)
  8 deep troll shamans
  42 two-headed ogres
  3 tengu warriors
  23 dancing weapons
  2 death knights
  A vampire mage (Depths:2)
  A deep troll earth mage (Vaults:1)
  A small abomination (Elf:3)
  An orc high priest (Orc:2)
  Urug (Lair:3)
  A spriggan berserker (Depths:2)
  9 naga sharpshooters
  4 shock serpents
  11 hell knights
  21 deep elf knights
  The ghost of wojtek the Cleaver, a novice MiFi of Makhleb (Lair:1)
  4 spriggans
  Nergalle (D:10)
  6 salamander mystics
  A death drake (Swamp:4)
  A spark wasp zombie (Depths:2)
  3 unseen horrors
  The ghost of Steelmeadow the Slicer, a novice HaAs (D:7)
  19 deep trolls
  A glowing orange brain (Depths:1)
  A shadow wraith (Vaults:1)
  A spriggan druid (Swamp:2)
  9 skeletal warriors
  2 spectral hydras (Swamp:4)
  9 naga ritualists
  4 lindwurms (Snake:4)
  A swamp dragon (Swamp:2)
  5 wizards
  The ghost of Steelmeadow the Geomancer, a novice GrEE of Vehumet (D:9)
  3 phantasmal warriors
  16 deep elf archers
  A death drake (shapeshifter) (Depths:2)
  A swamp dragon (shapeshifter) (Depths:2)
  Pikel (D:5)
  15 orc knights
  10 ironbrand convokers
  7 harpies (Vaults:2)
  12 necromancers
  A cyclops (shapeshifter) (D:11)
  11 salamanders
  7 wolf spiders
  62 deep elf magi
  A frost giant zombie (Depths:2)
  19 mana vipers
  38 ugly things
  An orb spider (shapeshifter) (Vaults:3)
  A fire giant zombie (Depths:1)
  A manticore (D:15)
  A salamander (shapeshifter) (Depths:2)
  6 orc sorcerers
  7 cyclopes
  5 elephants (Lair:2)
  A moth of wrath (shapeshifter) (D:15)
  10 guardian serpents
  A fire giant skeleton (Depths:1)
  27 naga magi
  Maurice (D:12)
  Joseph (D:7)
  55 black mambas
  2 centaur skeletons
  3 ice statues (IceCv)
  13 vault sentinels
  The ghost of Steelmeadow the Digger, a novice OgEE (D:5)
  A black mamba (shapeshifter) (Vaults:1)
  A spriggan zombie (Depths:1)
  2 gargoyles
  A spiny frog (shapeshifter) (Vaults:2)
  25 spiny frogs
  2 kobold demonologists
  62 yaktaurs
  5 freezing wraiths
  An efreet (D:15)
  A rime drake (shapeshifter) (Vaults:3)
  5 komodo dragons
  A yaktaur (shapeshifter) (D:15)
  3 swamp worm zombies (Swamp:4)
  2 spark wasp simulacra
  A hellwing (Depths:2)
  6 hydra zombies (Swamp:4)
  A meliai (shapeshifter) (Elf:1)
  16 trolls
  4 tengu conjurers
  An ice devil (Depths:2)
  A harpy zombie (D:15)
  A queen bee (shapeshifter) (Vaults:2)
  7 tyrant leeches
  10 hornets
  26 blink frogs
  5 bog bodies
  A tengu simulacrum (Vaults:2)
  9 polar bears (Lair:6)
  A raiju (shapeshifter) (Vaults:1)
  2 raiju (Lair:6)
  12 dream sheep
  14 hippogriffs
  24 slime creatures
  A frost giant simulacrum (Vaults:2)
  4 alligator zombies (Swamp:4)
  4 wraiths
  2 air elementals
  A yak (shapeshifter) (Depths:1)
  4 vampires (WizLab)
  5 redbacks
  44 yaks
  A tarantella (shapeshifter) (Vaults:3)
  A shadow (D:14)
  22 humans
  3 water elementals (Depths:1)
  14 wyverns
  4 basilisks
  A chaos spawn (Depths:2)
  15 vampire mosquitoes
  A fire elemental (Elf:1)
  3 hungry ghosts
  6 two-headed ogre zombies (WizLab)
  A human zombie (Vaults:2)
  21 swamp worms
  14 wargs
  36 nagas
  18 water moccasins
  26 insubstantial wisps
  A soldier ant (D:12)
  10 porcupines
  13 hell hounds (Lair:6)
  4 swamp drakes
  2 hornet zombies (D:15)
  9 ice beasts
  31 orc warriors
  A sky beast (D:6)
  2 slaves (D:5)
  8 phantoms
  3 necrophages
  15 black bears
  35 ogres
  11 boggarts
  19 wolves
  18 centaurs
  An elf zombie (Vaults:2)
  20 crocodiles
  3 big kobolds
  16 bullfrogs
  A gnoll sergeant (Orc:2)
  A wyvern zombie (D:10)
  A water moccasin zombie (D:10)
  2 earth elementals (Elf:3)
  2 scorpions
  9 troll zombies (WizLab)
  An orc simulacrum (Vaults:2)
  2 water moccasin skeletons
  24 wights
  2 howler monkeys
  3 electric eels
  5 crimson imps
  7 centaur zombies
  8 jellies
  A human simulacrum (Vaults:2)
  3 bullfrog zombies
  4 hounds
  11 orc priests
  30 orc wizards
  3 iguanas
  Jessica (D:2)
  3 bullfrog skeletons
  4 spectral swamp drakes (Swamp:4)
  9 worker ants
  4 ogre zombies (WizLab)
  A hound skeleton (D:7)
  A howler monkey zombie (D:9)
  A worker ant zombie (D:5)
  7 gnolls
  2 swamp drake zombies (Swamp:4)
  13 adders
  12 oozes
  An adder zombie (D:9)
  4 worms
  2 dart slugs
  3 leopard geckos
  69 orcs
  4 bats
  5 giant cockroaches
  8 goblins
  6 hobgoblins
  6 jackals
  25 kobolds
  2 quokkas
  5 frilled lizards
  2 jackal skeletons
  A leopard gecko skeleton (D:6)
  3 rats
  3 briar patches (Swamp:4)
1848 creatures vanquished.

Vanquished Creatures (collateral kills)
  Saint Roka (Orc:2)
  The ghost of Verendum the Slayer, an adept MiGl of Ashenzari (Swamp:4)
  A vault warden (Vaults:4)
  An ironheart preserver (Vaults:4)
  A stone giant (Depths:3)
  2 dire elephants (Depths:3)
  2 ettins
  An ogre mage (Vaults:4)
  An ice dragon (Depths:3)
  A naga warrior (Snake:3)
  4 hell knights (Depths:3)
  A shock serpent (Snake:3)
  An ironbrand convoker (Vaults:4)
  A wizard (Depths:3)
  An orc sorcerer (Orc:2)
  A yaktaur (Vaults:4)
  A naga (Snake:4)
  3 orc warriors (Orc:2)
  An ogre (Orc:1)
  An orc priest (Orc:2)
  2 orc wizards (Orc:2)
  2 orcs (Orc:2)
31 creatures vanquished.

Vanquished Creatures (others)
  Fannar (D:10)
  An ogre mage (Depths:3)
  A spriggan air mage (Depths:3)
  5 two-headed ogres (Depths:3)
  2 deep troll earth magi (Depths:3)
  A vampire mage (Depths:3)
  A deep elf knight (Elf:2)
  A deep troll (Depths:3)
  A wizard (Depths:3)
  A necromancer (Depths:2)
  A deep elf mage (Elf:3)
  An ugly thing (Vaults:2)
  A black mamba (Snake:2)
  A queen bee (shapeshifter) (Depths:2)
  A bog body (Swamp:4)
  An air elemental (Depths:3)
  A warg (Orc:1)
  A naga (Snake:2)
  A swamp worm (Swamp:2)
  2 ogres (Depths:3)
  An orc priest (D:5)
  An orc wizard (Vaults:1)
  An orc (D:5)
  A bush (D:10)
  47 fungi
  64 plants
  9 toadstools (D:3)
150 creatures vanquished.

Grand Total: 2029 creatures vanquished

Notes
Turn   | Place    | Note
-------+----------+-------------------------------------------
     0 | D:1      | theElss the Gargoyle Berserker began the quest for the Orb.
     0 | D:1      | Reached XP level 1. HP: 14/14 MP: 1/1
   116 | D:1      | Reached XP level 2. HP: 10/19 MP: 2/2
   684 | D:2      | Reached XP level 3. HP: 22/23 MP: 3/3
   717 | D:2      | Reached ** piety under Trog
  1241 | D:2      | Noticed Jessica
  1267 | D:2      | Killed Jessica
  1267 | D:2      | Reached XP level 4. HP: 14/29 MP: 4/4
  2100 | D:3      | Noticed a bullfrog
  2113 | D:3      | Killed a bullfrog
  2113 | D:3      | Reached skill level 5 in Maces & Flails
  2113 | D:3      | Reached XP level 5. HP: 32/33 MP: 5/5
  2494 | D:3      | Reached skill level 4 in Fighting
  2518 | D:3      | Reached *** piety under Trog
  2524 | D:3      | Reached XP level 6. HP: 13/38 MP: 6/6
  2881 | D:4      | Noticed a two-headed ogre
  2907 | D:4      | Killed a two-headed ogre
  2907 | D:4      | Reached skill level 5 in Fighting
  2907 | D:4      | Reached XP level 7. HP: 39/44 MP: 7/7
  2907 | D:4      | Reached XP level 8. HP: 44/50 MP: 8/8
  3203 | D:4      | Found an ancient bone altar of Kikubaaqudgha.
  3272 | D:5      | Entered Level 5 of the Dungeon
  3307 | D:5      | Noticed Steelmeadow's ghost (novice OgEE)
  3314 | D:5      | Killed Steelmeadow's ghost
  3314 | D:5      | Reached skill level 6 in Fighting
  3360 | D:5      | Noticed Pikel
  3371 | D:5      | Killed Pikel
  3371 | D:5      | Reached skill level 10 in Maces & Flails
  3371 | D:5      | Reached XP level 9. HP: 56/56 MP: 9/9
  3546 | D:5      | Reached skill level 7 in Fighting
  4317 | D:6      | Reached **** piety under Trog
  5090 | D:6      | Got an ancient falchion
  5091 | D:6      | Identified the +8 falchion of Watchfulness {drain, Int+3} (You found it on level 6 of the Dungeon)
  5147 | D:7      | Noticed Joseph
  5158 | D:7      | Killed Joseph
  5158 | D:7      | Reached skill level 8 in Fighting
  5172 | D:7      | Noticed Steelmeadow's ghost (novice HaAs)
  5192 | D:7      | Killed Steelmeadow's ghost
  5192 | D:7      | Reached XP level 10. HP: 22/65 MP: 5/10
  5505 | D:7      | Found a staircase to the Ecumenical Temple.
  5680 | D:7      | Found Wocez's Antique Armour Emporium.
  6095 | D:7      | Reached skill level 9 in Fighting
  6514 | D:8      | Noticed Erica
  6536 | D:8      | Killed Erica
  7019 | D:9      | Reached ***** piety under Trog
  7132 | D:9      | Noticed Steelmeadow's ghost (novice GrEE)
  7148 | D:9      | Killed Steelmeadow's ghost
  7148 | D:9      | Reached XP level 11. HP: 71/71 MP: 9/11
  7218 | D:9      | Found Vomugg's General Store.
  7239 | D:9      | Bought a potion of resistance for 170 gold pieces
  7327 | D:9      | Received a gift from Trog
  7327 | D:9      | Reached skill level 1 in Shields
  7534 | D:9      | Reached skill level 10 in Fighting
  7811 | D:10     | Entered Level 10 of the Dungeon
  7811 | D:10     | Noticed Snorg
  7836 | D:10     | Killed Snorg
  8113 | D:10     | Noticed Fannar
  8134 | D:10     | Killed Fannar
  8182 | D:10     | Noticed a skeletal warrior
  8208 | D:10     | Noticed a death knight
  8208 | D:10     | Noticed a skeletal warrior
  8235 | D:9      | Killed a skeletal warrior
  8324 | D:10     | Noticed a two-headed ogre
  8339 | D:10     | Killed a two-headed ogre
  8339 | D:10     | Reached skill level 11 in Fighting
  8641 | D:10     | Found a staircase to the Lair.
  8642 | D:10     | Noticed a skeletal warrior
  8684 | D:10     | Killed a death knight
  8691 | D:10     | Killed a skeletal warrior
  8699 | D:10     | Killed a skeletal warrior
  8699 | D:10     | Reached skill level 15 in Maces & Flails
  8699 | D:10     | Reached XP level 12. HP: 42/80 MP: 4/12
  9346 | D:10     | Noticed a two-headed ogre
  9361 | D:10     | Killed a two-headed ogre
  9361 | D:10     | Reached skill level 12 in Fighting
  9415 | D:10     | Noticed Nergalle
  9423 | D:10     | Killed Nergalle
  9549 | D:11     | Found Tiwofe's Assorted Antiques.
  9553 | D:11     | Bought a pair of smoking gloves for 294 gold pieces
  9563 | D:11     | Identified the cursed -1 pair of gloves of Omission {*Drain rElec Dex+2} (You bought it in a shop on level 11 of the Dungeon)
  9853 | D:11     | Identified a scroll of acquirement
 10225 | D:11     | Noticed a sphinx
 10237 | D:11     | Reached skill level 5 in Shields
 10246 | D:11     | Killed a sphinx
 11059 | D:12     | Received a gift from Trog
 11065 | D:12     | Got a smoking morningstar {god gift}
 11066 | D:12     | Identified the +5 morningstar "Boryczei" {antimagic, rElec SInv} (Trog gifted it to you on level 12 of the Dungeon)
 11318 | D:12     | Reached XP level 13. HP: 86/86 MP: 4/13
 11331 | D:12     | Noticed Maurice
 11347 | D:12     | Killed Maurice
 11347 | D:12     | Reached skill level 1 in Slings
 11502 | D:12     | Found a staircase to the Orcish Mines.
 11556 | D:12     | Reached skill level 1 in Evocations
 11757 | D:12     | Noticed Rupert
 11787 | D:12     | Got a spiked ring mail
 11798 | D:12     | Identified the +4 ring mail "Husausuel" {rC+ Dex+2} (You found it on level 12 of the Dungeon)
 12123 | D:13     | Reached skill level 10 in Shields
 12387 | D:13     | Noticed inc's ghost (journeyman OpEn)
 12543 | D:13     | Found a stormy altar of Qazlal.
 12909 | D:13     | Found a gate to the Vaults.
 12970 | D:13     | Killed inc's ghost
 13304 | D:13     | Noticed an ogre mage
 13324 | D:13     | Paralysed by an ogre mage for 6 turns
 13336 | D:13     | Killed an ogre mage
 13745 | Lair:1   | Entered Level 1 of the Lair of Beasts
 13768 | Lair:1   | Received a gift from Trog
 13806 | Lair:1   | Gained mutation: Your large and strong wings let you fly indefinitely. [Gargoyle growth]
 13806 | Lair:1   | Reached XP level 14. HP: 88/92 MP: 5/16
 13852 | Lair:1   | Reached skill level 13 in Fighting
 14279 | Lair:1   | Got a distressingly furry buckler
 14290 | Lair:1   | Identified the +0 buckler of Death's Door {Str+2 Slay+2} (You found it on level 1 of the Lair of Beasts)
 14311 | Lair:1   | Noticed wojtek's ghost (novice MiFi)
 14321 | Lair:1   | Killed wojtek's ghost
 14321 | Lair:1   | Reached skill level 5 in Armour
 15769 | Lair:3   | Found a frozen archway.
 15801 | IceCv    | Entered an ice cave
 16136 | IceCv    | Got a pitted iron amulet
 16222 | IceCv    | Identified the amulet of Tafoa {Faith rF+ rN+ Str+4} (You found it in an ice cave)
 16353 | Lair:3   | Noticed Urug
 16357 | Lair:3   | Killed Urug
 16357 | Lair:3   | Reached skill level 5 in Slings
 16611 | Lair:3   | Reached skill level 5 in Evocations
 16861 | Lair:3   | Reached ****** piety under Trog
 16984 | Lair:3   | Found a staircase to the Swamp.
 17561 | Lair:4   | Found a glowing golden altar of the Shining One.
 18204 | Lair:4   | Found a staircase to the Snake Pit.
 18313 | Lair:4   | Received a gift from Trog
 18401 | Lair:4   | Got a crystal falchion
 18402 | Lair:4   | Identified the +2 falchion "Orb Guardian's Death" {slice, *Contam MR+ Dex+3 Stlth+} (You found it on level 4 of the Lair of Beasts)
 18434 | Lair:4   | Gained mutation: You tend to lose your temper in combat. [mutagenic glow]
 18787 | Lair:5   | Reached XP level 15. HP: 100/100 MP: 6/19
 18852 | Lair:5   | Found a staircase to the Slime Pits.
 18902 | Lair:5   | Noticed Verendum's ghost (journeyman GrAK)
 18910 | Lair:5   | Received a gift from Trog
 18910 | Lair:5   | Reached skill level 14 in Fighting
 18935 | Lair:5   | Killed Verendum's ghost
 19602 | Lair:6   | Entered Level 6 of the Lair of Beasts
 19665 | Lair:6   | Received a gift from Trog
 20301 | Lair:6   | Received a gift from Trog
 20707 | Lair:6   | Received a gift from Trog
 20713 | Lair:6   | Got a dazzling hunting sling {god gift}
 20714 | Lair:6   | Identified the +12 hunting sling of Ascent {flame, rPois rF- Int+6} (Trog gifted it to you on level 6 of the Lair of Beasts)
 21784 | Lair:6   | Received a gift from Trog
 21826 | Lair:6   | Reached skill level 5 in Dodging
 22300 | Orc:1    | Entered Level 1 of the Orcish Mines
 22396 | Orc:2    | Entered Level 2 of the Orcish Mines
 22706 | Orc:1    | Found Efapp's Magic Scroll Boutique.
 22872 | Orc:1    | Received a gift from Trog
 22893 | Orc:1    | You are sucked into a shaft!
 23398 | Orc:2    | Found Mimanumn's Jewellery Emporium.
 23460 | Orc:1    | Reached XP level 16. HP: 31/107 MP: 7/21
 24006 | Orc:2    | Noticed Donald
 24036 | Orc:2    | Killed Donald
 24373 | Orc:2    | Found Usyoklia's Antique Weapon Shop.
 24378 | Orc:2    | Found Koviecum's General Store.
 24446 | Orc:2    | Found Qumnapne's Magic Scroll Boutique.
 24502 | Orc:2    | Received a gift from Trog
 24532 | Orc:2    | Got an iridescent hunting sling {god gift}
 24533 | Orc:2    | Identified the +13 hunting sling "Gugog" {freeze, rF+ rC+ Dex+4} (Trog gifted it to you on level 2 of the Orcish Mines)
 24750 | Orc:2    | Noticed Saint Roka
 24782 | Orc:2    | Killed Saint Roka
 24782 | Orc:2    | Reached skill level 15 in Fighting
 25054 | Orc:2    | Found a staircase to the Elven Halls.
 25250 | Swamp:1  | Entered Level 1 of the Swamp
 26280 | Swamp:1  | Received a gift from Trog
 26588 | Swamp:2  | You are sucked into a shaft!
 27765 | Swamp:3  | Received a gift from Trog
 27815 | Swamp:3  | Reached XP level 17. HP: 67/113 MP: 7/23
 28296 | Swamp:4  | Entered Level 4 of the Swamp
 28296 | Swamp:4  | Noticed Verendum's ghost (adept MiGl)
 29211 | Swamp:4  | Noticed Mara
 30084 | Swamp:4  | Killed Verendum's ghost
 30555 | Swamp:3  | Noticed theElss's illusion
 30564 | Swamp:3  | Killed Mara
 30751 | Swamp:4  | Received a gift from Trog
 31022 | Swamp:4  | Noticed a bone dragon
 31055 | Swamp:4  | Killed a bone dragon
 31803 | Swamp:4  | Got a decaying rune of Zot
 32060 | Snake:1  | Entered Level 1 of the Snake Pit
 32556 | Snake:1  | Received a gift from Trog
 33118 | Snake:1  | Received a gift from Trog
 33518 | Snake:2  | Reached skill level 16 in Fighting
 33524 | Snake:2  | Reached XP level 18. HP: 89/120 MP: 8/25
 33963 | Snake:2  | Found Quive's Book Emporium.
 34067 | Snake:2  | Found Tidwuom's Food Shop.
 34280 | Snake:2  | Received a gift from Trog
 34336 | Snake:2  | Found Aqojea's Gadget Shop.
 35911 | Snake:3  | Received a gift from Trog
 36156 | Snake:3  | Received a gift from Trog
 36667 | Snake:4  | Entered Level 4 of the Snake Pit
 36708 | Snake:4  | Noticed Verendum's ghost (adept GrAK)
 36742 | Snake:4  | Reached skill level 10 in Evocations
 36784 | Snake:4  | Killed Verendum's ghost
 37014 | Snake:4  | Reached skill level 10 in Slings
 37709 | Snake:4  | Received a gift from Trog
 38288 | Snake:4  | Noticed Aizul
 38304 | Snake:4  | Killed Aizul
 38353 | Snake:4  | Received a gift from Trog
 38666 | Snake:4  | Reached XP level 19. HP: 127/127 MP: 8/26
 39173 | Snake:4  | Reached skill level 15 in Shields
 39610 | Snake:4  | Received a gift from Trog
 39619 | Snake:4  | Got a bloodstained hand crossbow {god gift}
 39620 | Snake:4  | Identified the +5 hand crossbow of Gargoyle's Peril {elec, +Fly rN+ Stlth+} (Trog gifted it to you on level 4 of the Snake Pit)
 39746 | Snake:4  | Reached skill level 17 in Fighting
 40333 | Snake:4  | Got a serpentine rune of Zot
 40633 | D:12     | Killed Rupert
 40788 | D:14     | Found a gateway to a bazaar.
 40865 | D:14     | Received a gift from Trog
 41056 | D:14     | Found Oneikh's Book Shoppe.
 41220 | D:15     | Entered Level 15 of the Dungeon
 41549 | D:15     | Received a gift from Trog
 41793 | D:15     | Found a staircase to the Depths.
 42627 | Depths:1 | Entered Level 1 of the Depths
 42749 | Depths:1 | Paralysed by a rakshasa for 2 turns
 42985 | Depths:1 | Paralysed by a rakshasa for 6 turns
 43073 | D:15     | Received a gift from Trog
 43076 | D:15     | Gained mutation: You are somewhat resistant to further mutation. [mutagenic glow]
 43284 | Depths:1 | Found a shimmering altar of Xom.
 43357 | Depths:1 | Reached XP level 20. HP: 96/136 MP: 9/27
 43498 | Depths:1 | Found a one-way gate leading to the halls of Pandemonium.
 43512 | Depths:1 | Reached skill level 18 in Fighting
 43517 | Depths:1 | Received a gift from Trog
 43518 | Depths:1 | Found a gateway to Hell.
 43795 | Depths:1 | Received a gift from Trog
 44188 | Depths:1 | Found a one-way gate to the infinite horrors of the Abyss.
 44226 | Depths:1 | Received a gift from Trog
 44552 | Depths:2 | Reached skill level 10 in Armour
 44956 | Depths:2 | Noticed Jorgrun
 44978 | Depths:2 | Killed Jorgrun
 44978 | Depths:2 | Received a gift from Trog
 45087 | Depths:2 | Reached skill level 10 in Dodging
 45792 | Depths:2 | Found Vusmu's Gadget Shoppe.
 45856 | Depths:2 | Noticed Nikola
 46411 | Depths:2 | Killed Nikola
 46863 | Vaults:1 | Entered Level 1 of the Vaults
 47036 | Vaults:1 | Reached skill level 19 in Fighting
 47188 | Vaults:1 | Received a gift from Trog
 47601 | Vaults:1 | Reached XP level 21. HP: 144/144 MP: 9/28
 47950 | Vaults:1 | Received a gift from Trog
 48137 | Vaults:1 | Received a gift from Trog
 49418 | Vaults:2 | Received a gift from Trog
 49859 | Vaults:2 | Reached skill level 20 in Fighting
 50498 | Vaults:3 | Received a gift from Trog
 50588 | Vaults:3 | Noticed Xtahua
 50598 | Vaults:3 | Killed Xtahua
 50622 | Vaults:3 | Received a gift from Trog
 51448 | Vaults:3 | Found a staircase to the Crypt.
 51493 | Vaults:3 | Reached XP level 22. HP: 131/153 MP: 9/29
 51617 | Vaults:3 | Received a gift from Trog
 52835 | Vaults:4 | Received a gift from Trog
 52854 | Vaults:4 | Reached skill level 21 in Fighting
 52901 | Vaults:4 | Received a gift from Trog
 52915 | Vaults:4 | HP: 4/155 [ettin/dire flail (32)]
 54856 | Elf:1    | Entered Level 1 of the Elven Halls
 55079 | Elf:1    | Received a gift from Trog
 55126 | Elf:1    | Found Lideatamp's Armour Emporium.
 55441 | Elf:1    | Noticed Frances
 55443 | Elf:1    | Found a magical portal.
 55452 | Elf:1    | Killed Frances
 55475 | WizLab   | Entered Zonguldrok's Shrine
 55678 | WizLab   | Received a gift from Trog
 55793 | WizLab   | Noticed an antique lich
 55808 | WizLab   | Killed an antique lich
 55808 | WizLab   | Reached XP level 23. HP: 161/161 MP: 10/30
 55810 | WizLab   | Found the +9 sword of Zonguldrok {reap}
 55820 | WizLab   | Identified the Volume of Ashen Boosts
 56013 | Elf:1    | Identified the Catalogue of Summoning
 56252 | Elf:1    | Noticed Agnes
 56278 | Elf:1    | Killed Agnes
 56521 | Elf:2    | Noticed p0werm0de's ghost (journeyman FeCK)
 56546 | Elf:2    | Received a gift from Trog
 56575 | Elf:2    | Killed p0werm0de's ghost
 56764 | Elf:2    | Found a runed gate.
 56765 | Elf:2    | Found a runed gate.
 56766 | Elf:2    | Found a runed gate.
 56773 | Elf:2    | Reached skill level 22 in Fighting
 56986 | Elf:2    | Found Amairet's Antique Weapon Emporium.
 56994 | Elf:2    | Bought an iridescent whip for 232 gold pieces
 56994 | Elf:2    | Identified the cursed +0 whip "Juicze" {slash, Dex+2 SInv} (You bought it in a shop on level 2 of the Elven Halls)
 57301 | Elf:2    | Received a gift from Trog
 57382 | Elf:2    | Received a gift from Trog
 57673 | Elf:2    | Received a gift from Trog
 57861 | Elf:2    | Received a gift from Trog
 58211 | Elf:3    | Entered Level 3 of the Elven Halls
 58456 | Elf:3    | Found Vurhas's Assorted Antiques.
 58770 | Elf:3    | Received a gift from Trog
 58782 | Elf:3    | Found Bitijaj's Weapon Shop.
 60217 | Elf:3    | Got a scorched eveningstar {pain}
 60218 | Elf:3    | Identified the +1 eveningstar "Udghoduri" {pain, rPois} (You took it off a deep elf mage on level 3 of the Elven Halls)
 60702 | Elf:3    | Received a gift from Trog
 60925 | Elf:3    | Reached XP level 24. HP: 158/170 MP: 10/30
 61143 | Elf:3    | Identified the Compendium of Hexes
 61152 | Elf:3    | Identified the Volume of the Voyage and Earth
 61732 | Depths:3 | Noticed Margery
 61849 | Depths:3 | Found Osous's General Store.
 61869 | Depths:3 | Killed Margery
 61875 | Depths:3 | Reached skill level 23 in Fighting
 61922 | Depths:3 | HP: 1/171 [dire elephant (23)]
 61934 | Depths:3 | Received a gift from Trog
 61968 | Depths:3 | Hit by a large rock thrown by a stone giant

Skill      XL: |  1  2  3  4  5  6  7  8  9 10 11 12 13 14 15 16 17 18 19 20 21 22 23 24 |
---------------+-------------------------------------------------------------------------+-----
Dodging        | 2 3 4 5 6 7 9 10 11 12 13 | 13.1
Maces & Flails | 4 5 8 10 12 13 15 16 17 18 19 20 21 22 | 22.5
Fighting       | 4 5 6 8 9 11 12 13 14 15 16 17 19 20 21 22 23 | 23.1
Shields        | 2 9 10 11 12 13 14 15 | 15.0
Slings         | 3 5 7 8 9 10 | 10.0
Armour         | 4 6 7 8 9 10 11 | 11.6
Evocations     | 3 5 6 8 9 10 | 10.0
Stealth        | |  0.5

Action                   |  1- 3 |  4- 6 |  7- 9 | 10-12 | 13-15 | 16-18 | 19-21 | 22-24 || total
-------------------------+-------+-------+-------+-------+-------+-------+-------+-------++-------
Melee: Mace              |   107 |   171 |    14 |       |       |       |       |       ||   292
       Flail             |       |       |   171 |   692 |       |       |       |       ||   863
       Morningstar       |       |       |       |    50 |  1531 |  2128 |  2145 |  1593 ||  7447
       Demon whip        |       |       |       |       |       |       |     9 |       ||     9
 Fire: Hunting sling     |       |       |       |       |       |    31 |    25 |    38 ||    94
Invok: Berserk           |     2 |     3 |     4 |    13 |     3 |     9 |     4 |     5 ||    43
       Trog's Hand       |       |     1 |       |     1 |     1 |     3 |     5 |     3 ||    14
       Brothers in Arms  |       |       |       |       |     1 |     6 |     2 |     3 ||    12
 Abil: Fly               |       |       |       |       |     1 |       |       |       ||     1
       Stop Flying       |       |       |       |       |       |       |     1 |       ||     1
  Use: Scroll            |       |       |     8 |    10 |     9 |     3 |     2 |    11 ||    43
       Potion            |       |       |       |       |       |     1 |     2 |     5 ||     8
 Stab: Sleeping          |     1 |       |       |       |       |       |       |       ||     1
       Distracted        |       |       |     1 |       |       |     4 |       |       ||     5
  Eat: Chunk             |     3 |     5 |     6 |    28 |    38 |    35 |    41 |    28 ||   184
       Ration            |       |     1 |     2 |     1 |     2 |     8 |     3 |     4 ||    21
Armor: Animal skin       |    50 |     4 |       |       |       |       |       |       ||    54
       Ring mail         |       |    69 |    62 |    27 |   682 |   777 |   644 |   447 ||  2708
       Scale mail        |       |       |       |   225 |       |       |       |       ||   225
       Plate armour      |       |       |       |    72 |    39 |       |       |       ||   111
Dodge: Dodged            |    76 |    91 |    78 |   239 |   746 |   979 |   821 |   586 ||  3616
Block: Buckler           |       |       |       |    76 |   373 |    14 |       |       ||   463
       Shield            |       |       |       |       |       |  1413 |  1411 |  1025 ||  3849
